 Dungeon Crawl Stone Soup version 0.20.1-1-g8b1a95d (webtiles) character file.

23 polve the Changer (level 3, -1/26 HPs)
             Began as a Merfolk Transmuter on Aug 6, 2017.
             Succumbed to an adder's poison
             ... on level 2 of the Dungeon.
             The game lasted 00:02:13 (1870 turns).

polve the Changer (Merfolk Transmuter)              Turns: 1870, Time: 00:02:14

Health: -1/26      AC:  2    Str:  5    XL:     3   Next: 0%
Magic:  6/6        EV: 13    Int: 13    God:
Gold:   101        SH:  0    Dex: 14    Spells: 0/6 levels left

rFire    . . .     SeeInvis .     - Unarmed
rCold    . . .     Gourm    .   (no shield)
rNeg     . . .     Faith    .   p - +0 robe
rPois    .         Spirit   .   (no helmet)
rElec    .         Reflect  .   (no cloak)
rCorr    .         Harm     .   (no gloves)
MR       .....                  (no boots)
Stlth    +.........             (no amulet)
Regen    0.1/turn               b - -5 ring of strength (curse)
MPRegen  0.1/turn               (no ring)

@: lethally poisoned (-1 -> -21), appendage
A: change form in water, swift swim, stealthy swim, horns 2
a: End Transformation


You were on level 2 of the Dungeon.
You were near starving.
You had grown temporary horns.
You visited 1 branch of the dungeon, and saw 2 of its levels.

You collected 101 gold pieces.

Inventory:

Missiles
 a - 50 arrows (quivered)
Armour
 p - a +0 robe (worn)
Jewellery
 b - a cursed -5 ring of strength (left hand)
Scrolls
 e - a scroll of magic mapping
 i - a scroll of fog
 k - 2 scrolls of remove curse {unknown}
 m - a scroll of recharging {unknown}
 o - a scroll of enchant weapon
Potions
 f - 2 potions of curing
 g - a potion of lignification {unknown}
 j - a potion of mutation {unknown}
 l - a potion of resistance {unknown}
 n - a potion of heal wounds {unknown}
Books
 c - a book of Changes

   Spells                             Type                      Level
   a - Beastly Appendage              Transmutation                1
   b - Sticks to Snakes               Transmutation                2
   c - Spider Form                    Transmutation/Poison         3
   d - Ice Form                       Ice/Transmutation            4
   e - Blade Hands                    Transmutation                5
Comestibles
 d - a bread ration
 h - 3 fruits


   Skills:
 - Level 1.1 Fighting
 - Level 2.6 Dodging
 - Level 3.2 Unarmed Combat
 - Level 2.0 Spellcasting
 - Level 4.5 Transmutations
 + Level 0.0 Poison Magic


You couldn't memorise any spells.
You knew the following spells:

 Your Spells              Type           Power        Failure   Level  Hunger
a - Beastly Appendage     Tmut           ##....       4%          1    ##.....
b - Sticks to Snakes      Tmut           ##......     6%          2    ###....
c - Spider Form           Tmut/Pois      #.........   30%         3    ####...


Dungeon Overview and Level Annotations

Branches:
Dungeon (2/15)

Altars:


Innate Abilities, Weirdness & Mutations

You revert to your normal form in water.
You are very nimble and swift while swimming.
You are very stealthy in the water. (Stealth+)
You have a pair of horns on your head.


Message History

The adder poisons you!
You hit the adder.
You headbutt the adder, but do no damage.
The adder is almost dead.
* * * LOW HITPOINT WARNING * * *
You feel sick. The adder bites you.
* * * LOW HITPOINT WARNING * * *
The adder bites you.
* * * LOW HITPOINT WARNING * * *
You are near starving!
You hit the adder. Your headbutt misses the adder.
The adder is almost dead.
* * * LOW HITPOINT WARNING * * *
You feel sick. The adder bites you.
* * * LOW HITPOINT WARNING * * *
You are more poisoned.
The adder poisons you!
You hit the adder but do no damage.
The adder is almost dead.
You die...

##.###....##..#
#.# #..#.##..#
#.# #..#..#..##
#.# #.........#
#.#
#.###..#..#####
#+
#.####.#.......
#.#......#####
#.#.........#
#......##@#
#......##S#
#....#.##.#
#....#.##.#
#....#.##.#
######.##.#
#..#.# #.#


You could see an adder.

Vanquished Creatures
  An adder zombie (D:2)
  A leopard gecko (D:2)
  A giant cockroach (D:1)
  3 hobgoblins (D:1)
  5 bats
  2 frilled lizards (D:1)
  A giant cockroach zombie (D:2)
  2 goblins
  3 kobolds (D:1)
  A rat (D:1)
20 creatures vanquished.

Notes
Turn   | Place    | Note
-------+----------+-------------------------------------------
     0 | D:1      | polve the Merfolk Transmuter began the quest for the Orb.
     0 | D:1      | Reached XP level 1. HP: 15/15 MP: 3/3
    99 | D:1      | Reached skill level 3 in Transmutations
   388 | D:1      | Reached XP level 2. HP: 21/21 MP: 3/5
   392 | D:1      | Learned a level 2 spell: Sticks to Snakes
   725 | D:1      | Reached skill level 4 in Transmutations
  1533 | D:2      | Reached XP level 3. HP: 4/26 MP: 6/6
  1538 | D:2      | Learned a level 3 spell: Spider Form
  1869 | D:2      | HP: 1/26 [adder (3)]
  1870 | D:2      | Succumbed to an adder's poison

Skill      XL: |  1  2 |
---------------+-------+-----
Transmutations | 3 4 |  4.5
Fighting       | |  1.1
Dodging        | |  2.6
Unarmed Combat | |  3.2
Spellcasting   | |  2.0

Action                   || total
-------------------------++-------
Melee: Unarmed           ||   116
       Headbutt          ||     8
 Cast: Beastly Appendage ||    11
  Use: Scroll            ||     4
 Stab: Sleeping          ||     1
  Eat: Chunk             ||     1
       Fruit             ||     1
Armor: Robe              ||    27
       Leather armour    ||    12
Dodge: Dodged            ||    93
